AoeStats
← Warcanoe

Arabia

505044413Analyzed
1v1 RM · 25d ago on Sep 7, 2026· 54m 34s· 2 players
Game mode
Random Map
Map size
Tiny (2 player)
Population
200
Speed
Normal
Resources
Standard
Victory
Conquest
Starting age
Dark Age
Ending age
Imperial Age
RankedLock teamsTeams togetherTeam positionsShared explorationLock speedFull tech treeHidden civsTurbo modeCheats
Victory
Defeat
🇨🇭 Burgundians · Switzerland
899
+16
🇸🇰 Romans · Slovakia
890
-16
peterbazaar
4:02 Loom
11:14 Feudal Age
11:41 Double-Bit Axe
11:39 Horse Collar
12:52 Wheelbarrow
15:30 Town Watch
20:51 Gold Mining
24:56 Forging
27:31 Castle Age
25:44 Scale Mail Armor
25:49 Scale Barding Armor
25:35 Fletching
25:45 Padded Archer Armor
25:43 Man-at-Arms
26:35 Bloodlines
27:22 Stone Mining
28:42 Bow Saw
28:23 Light Cavalry
28:55 Pikeman
30:32 Long Swordsman
31:13 Squires
34:33 Husbandry
37:50 Heavy Plow
43:29 Murder Holes
43:45 Masonry
44:34 Chain Mail Armor
44:55 Iron Casting
45:53 Ballistas
48:43 Ballistics
48:35 Fortified Wall
49:09 Hand Cart
52:11 Imperial Age
Warcanoe
2:16 Loom
9:54 Feudal Age
9:00 Double-Bit Axe
12:16 Horse Collar
18:17 Heavy Plow
18:36 Bow Saw
18:57 Forging
25:10 Castle Age
23:57 Gold Mining
24:33 Fletching
24:49 Scale Barding Armor
26:28 Iron Casting
30:34 Chain Barding Armor
35:50 Cavalier
37:32 Gold Shaft Mining
41:16 Elite Skirmisher
43:45 Wheelbarrow
42:59 Town Watch
43:19 Bodkin Arrow
46:53 Crop Rotation
47:57 Stone Mining
49:35 Padded Archer Armor
50:26 Stone Shaft Mining
Connection lost

Rejoining the realm…

Still unreachable

The connection could not be restored.

Session expired

The server has moved on; the page needs a fresh start.